 Dungeon Crawl Stone Soup version 0.14-a0-181-gf6fe0c6 (console) character file.

254520 Illaniel the Fencer (level 19, -1/125 HPs)
             Began as a High Elf Skald on Sept 20, 2013.
             Was a High Priest of Okawaru.
             Incinerated by a hell hog (2 damage)
             ... with a sticky flame
             ... on Level 1 of the Abyss on Oct 6, 2013.
             The game lasted 09:26:04 (76848 turns).

Illaniel the Fencer (High Elf Skald)               Turns: 76848, Time: 09:26:04

HP  -1/125       AC 15     Str 12      XL: 19   Next: 33%
MP  35/40        EV 25     Int 21      God: Okawaru [*****.]
Gold 2828        SH  0     Dex 20      Spells:  9 memorised, 20 levels left

Res.Fire  : + . .   See Invis. : +   b - +4 triple sword (slice)
Res.Cold  : + . .   Warding    : .   W - +2 robe {rC+ rF+}
Life Prot.: + . .   Conserve   : .   (no shield)
Res.Poison: +       Res.Corr.  : .   F - +2 helmet
Res.Elec. : .       Clarity    : .   E - +1 ratskin cloak {rPois rN+ Dex-1 Int-1}
Sust.Abil.: . .     Spirit.Shd : .   R - -1 pair of orc gauntlets {Dex+3}
Res.Mut.  : +       Rnd.Telep. : +   U - +0 pair of boots
Res.Rott. : .       Flight     : .   V - amulet of resist mutation
Saprovore : . . .                    K - ring of see invisible
                                     X - +3 ring of protection

@: liquid flames, about to teleport, studying Invocations, very slightly
contaminated, hasted, glowing, very quick, quite resistant to hostile
enchantments, fairly stealthy
A: teleportitis 1
a: Heroism, Finesse, Renounce Religion
}: 1/15 runes: barnacled


You were on level 1 of the Abyss.
You worshipped Okawaru.
Okawaru was extremely pleased with you.
You were not hungry.

You visited 8 branches of the dungeon, and saw 45 of its levels.
You visited the Abyss 3 times.
You also visited: Labyrinth and Ice Cave.

You collected 3790 gold pieces.
You spent 982 gold pieces at shops.

Inventory:

Hand weapons
 a - the +1,+3 great sword "Baotedy" {drain, rF- rC++ Str+1}
   (You found it on level 15 of the Dungeon)

   A truly terrible weapon, it drains the life of those it strikes.
   It affects your strength (+1).
   It makes you vulnerable to fire.
   It greatly protects you from cold.
 b - a +4,+4 triple sword of slicing (weapon)
 f - a +5,+2 long sword of flaming
 v - a +0 blowgun
 S - the +9,+1 long sword of Dung {slice, +Blink rElec}
   (Okawaru gifted it to you on level 1 of the Snake Pit)

   It inflicts extra damage upon your enemies.
   It insulates you from electricity.
   It lets you blink.
Missiles
 z - 52 poisoned needles
 P - 3 curare-tipped needles
Armour
 E - the +1 ratskin cloak (worn) {rPois rN+ Dex-1 Int-1}
   (Okawaru gifted it to you on level 1 of the Elven Halls)

   It affects your intelligence (-1).
   It affects your dexterity (-1).
   It protects you from poison.
   It protects you from negative energy.
 F - a +2 helmet (worn)
 R - a -1 pair of orcish gauntlets of dexterity (worn)
 U - a +0 pair of boots (worn)
 W - a +2 robe of resistance (worn)
Magical devices
 d - a wand of confusion (20)
Comestibles
 c - an orange
 j - 2 meat rations
 t - 3 lychees
 Z - a rambutan
Scrolls
 i - 4 scrolls of identify
 m - 3 scrolls of curse armour
 p - a scroll of recharging
 q - a scroll of fog
 s - a scroll of noise
 u - a scroll of acquirement {unknown}
 w - 4 scrolls of remove curse
 x - 2 scrolls of curse weapon
 A - 2 scrolls of curse jewellery
 C - a scroll of magic mapping
 L - 2 scrolls of random uselessness
 T - 3 scrolls of immolation
Jewellery
 h - a +3 ring of intelligence
 o - an uncursed amulet of the gourmand
 K - a ring of see invisible (right hand)
 V - an amulet of resist mutation (around neck)
 X - a +3 ring of protection (left hand)
 Y - an uncursed amulet of conservation
Potions
 e - 3 potions of resistance
 l - 3 potions of confusion
 n - 3 potions of poison
 r - a potion of speed
 B - 5 potions of restore abilities
 D - 2 potions of paralysis
 G - a potion of flight
 H - 2 potions of curing
 J - 2 potions of magic
 O - a potion of slowing
Books
 y - a manual of Invocations
Miscellaneous
 k - a sack of spiders


   Skills:
 + Level 10.7 Fighting
 * Level 15.4 Long Blades
 + Level 10.3 Armour
 * Level 14.4 Dodging
 + Level 10.9 Stealth
 * Level 14.7 Spellcasting
 - Level 4.0 Hexes
 + Level 14.5 Charms
 + Level 10.0 Translocations
 * Level 14.5 Air Magic
 + Level 11.1 Invocations


You had 20 spell levels left.
You knew the following spells:

 Your Spells              Type           Power        Failure   Level  Hunger
a - Infusion              Chrm           ######       0%          1    None
b - Song of Slaying       Chrm           ######....   0%          2    None
c - Spectral Weapon       Hex/Chrm       ######..     1%          3    None
d - Flight                Chrm/Air       ######....   1%          3    None
e - Haste                 Chrm           ######..     1%          6    #####..
f - Deflect Missiles      Chrm/Air       ######....   1%          6    #####..
h - Shroud of Golubria    Chrm/Tloc      ######....   1%          2    None
E - Swiftness             Chrm/Air       ######....   0%          2    None
F - Repel Missiles        Chrm/Air       ######....   0%          2    None


Dungeon Overview and Level Annotations

Branches:
Dungeon (19/27)            Temple (1/1) D:5             Orc (4/4) D:6
    Elf (3/3) Orc:3          Lair (8/8) D:10         Shoals (5/5) Lair:6
  Snake (2/5) Lair:5        Slime (0/6) Lair:8       Vaults (3/5) D:16
  Blade (0/1) Vaults:3     Forest (0/5) Vaults:3

Altars:
Ashenzari
Cheibriados
Elyvilon
Fedhas
Kikubaaqudgha
Makhleb
Nemelex Xobeh
Okawaru
Sif Muna
Trog
Vehumet
Xom
Yredelemnul
Zin
the Shining One
Beogh

Shops:
D:17 *   D:18 +   Orc:2 ?   Orc:4 /+[(}   Shoals:2 +*   Vaults:1 (   Vaults:3 /

Portals:
Hell: Lair:8
Trove: D:17 (give 2 scrolls of acquirement)

Annotations:
D:9 exclusions: 2 ice statues and silver statue
Lair:4 exclusion: hydra
Shoals:2 1 exclusion
Snake:2 Lamia


Innate Abilities, Weirdness & Mutations

Space occasionally distorts in your vicinity.


Message History

One of your 5 scrolls of identify catches fire!
One of your 2 scrolls of noise catches fire!
Your scroll labeled STEOTZ ILEUNE catches fire!
* * * LOW HITPOINT WARNING * * *
The smoke demon gestures at you. Something smites you!
* * * LOW HITPOINT WARNING * * *
The hell hog spits sticky flame at you. The sticky flame hits you! You resist.
You are covered in liquid flames!
* * * LOW HITPOINT WARNING * * *
The hell hog spits sticky flame at you. The sticky flame hits you! You resist.
You are covered in liquid flames!
* * * LOW HITPOINT WARNING * * *
Drink which item? (? for menu, Esc to quit)
You can't drink that!
You are covered in liquid flames!
One of your 5 scrolls of remove curse catches fire!
You die...

▒ ∙▒ ∙▒ ∙∙▒ ▒▒▒∙∙▒∙▒
▒∙∙∙∙ ▒ ▒∙▒∙∙▒∙▒
∙▒▒▒▒▒▒▒@▒▒'▒'▒▒
∙∙∙∙∙∙∙∙∙∙∙∙∙∙∙▒▒
∙▒▒▒▒▒▒▒∙∙∙h∙∙∙∙▒▒▒ ▒
▒ ∙▒▒ ▒ ▒▒∙∙∙∙h∙∙∙∙∙▒
∙ ∙∙∙ ∙ ▒▒▒∙?∙h∙▒∙∙∙▒
∙ ▒
∙(▒▒∙▒∙∙▒▒▒▒'▒∙∙∙∙∙∙∙
▒ ∙∙∙∙▒∙▒▒ ▒33∙∙∙∙▒▒▒
∙ ∙ ▒3▒▒ ▒
▒∙▒∙∙∙∙∙∙∙∙ ▒∙∙∙ ▒ ▒∙
▒ ▒∙∙∙∙∙∙∙∙ ∙ ▒∙▒(
▒▒∙ ▒∙▒∙∙▒▒▒▒▒▒ ▒▒▒∙▒
▒ ∙∙∙∙▒


You could see 3 hell hogs and 2 smoke demons.

Vanquished Creatures
  Saint Roka (Orc:4)
  2 krakens
  The ghost of jazmu the Bludgeoner, a mighty MiFi of Yredelemnul (Shoals:2)
  Rupert (Shoals:3)
  A tengu reaver (Vaults:1)
  Frances (Elf:2)
  Louise (Vaults:1)
  Ilsuiw (Shoals:3)
  Donald (Orc:4)
  Gastronok (Orc:1)
  4 deep elf sorcerers (Elf:2)
  A draconian zealot (Abyss:1)
  2 vault wardens
  Wiglaf (Shoals:3)
  The ghost of jazmu the Blocker, a powerful HEFi of Yredelemnul (D:17)
  2 stone giants (Vaults:2)
  The ghost of pictorio the Basher, a powerful MiBe of Trog (Orc:4)
  3 merfolk javelineers (Shoals:5)
  A minotaur (Lab)
  9 yaktaur captains
  8 hydras
  3 ice dragons
  Josephine (D:10)
  4 deep elf death magi
  2 ironheart preservers (Vaults:1)
  2 merfolk aquamancers
  A deep troll earth mage (D:19)
  2 sirens
  5 great orbs of eyes
  Erica (D:15)
  7 death yaks
  5 merfolk impalers
  A dire elephant (Lair:8)
  A hell hog (Abyss:1)
  A deep troll shaman (D:19)
  2 anacondas
  3 orc high priests
  8 ogre magi
  A wretched star (Abyss:1)
  A hell knight (Vaults:2)
  2 fire crabs
  A soul eater (Elf:2)
  A dancing weapon (Vaults:3)
  A sun demon (Lair:8)
  12 centaur warriors
  Erolcha (D:10)
  Nergalle (Shoals:1)
  12 deep elf knights
  A naga warrior (Snake:1)
  3 deep trolls (D:19)
  8 skeletal warriors
  A death yak (shapeshifter) (Vaults:2)
  2 large abominations (Abyss:1)
  2 flayed ghosts
  3 ice statues (IceCv)
  11 sea snakes
  6 orc knights
  An oklob plant (Lair:8)
  6 unseen horrors
  A wolf spider zombie (Vaults:1)
  4 giant amoebae
  A wizard (Lair:8)
  16 cyclopes
  3 stone giant zombies
  3 orc sorcerers
  7 ironbrand convokers
  6 griffons
  15 hill giants
  A sixfirhy (Abyss:1)
  A fire giant zombie (Vaults:3)
  12 deep elf conjurers
  13 harpies
  A red wasp (D:18)
  2 frost giant zombies
  16 black mambas
  A black mamba (shapeshifter) (D:13)
  4 elephants
  2 fire giant skeletons
  2 swamp dragons (D:16)
  4 stone giant skeletons
  10 deep elf summoners
  8 vault sentinels
  51 slime creatures
  3 orange demons
  A spiny worm (Vaults:3)
  2 small abominations
  12 mermaids
  3 wolf spiders
  15 yaktaurs
  4 smoke demons
  11 spiny frogs
  2 red devils
  7 hellwings (Lair:8)
  5 fire drakes
  5 demonic crawlers
  10 trolls
  A queen bee (Orc:1)
  An iron devil (Orc:4)
  8 deep elf priests
  An ancient zyme (Abyss:1)
  10 komodo dragons
  4 spriggans (Vaults:3)
  A troll (shapeshifter) (D:19)
  An iron troll skeleton (Vaults:1)
  Sonja (D:10)
  A giant firefly (Vaults:3)
  2 polar bears (Lair:7)
  A stone giant simulacrum (Vaults:1)
  6 blink frogs
  2 hydra skeletons
  A frost giant simulacrum (Vaults:1)
  10 two-headed ogres
  A boulder beetle (D:17)
  3 spectral orcs (Shoals:1)
  A griffon zombie (D:14)
  A redback (shapeshifter) (Vaults:1)
  A wyvern (shapeshifter) (Vaults:1)
  5 basilisks
  A flying skull (Abyss:1)
  A wyvern (D:12)
  A brown ooze (shapeshifter) (Vaults:1)
  2 naga magi (Snake:2)
  76 ugly things
  3 water elementals
  A fire giant simulacrum (Vaults:2)
  An ice dragon skeleton (D:18)
  2 grizzly bears
  54 yaks
  An ettin skeleton (Vaults:2)
  2 shadows
  A chaos spawn (Elf:2)
  9 redbacks
  21 snapping turtles
  A hippogriff (shapeshifter) (D:15)
  2 ynoxinuls (Abyss:1)
  3 hill giant zombies
  23 deep elf magi
  An elf zombie (Elf:3)
  An elephant slug (Lair:8)
  2 brown oozes (Lair:8)
  13 vampire mosquitoes
  3 jumping spiders
  3 neqoxecs (Abyss:1)
  20 sharks
  A redback simulacrum (D:18)
  Eustachio (D:6)
  2 wraiths
  Grum (D:8)
  A clay golem (D:15)
  2 tarantellas
  42 merfolk
  5 hungry ghosts
  A hill giant skeleton (D:16)
  A rock worm (Vaults:1)
  22 wolves
  14 hippogriffs
  A steam dragon (D:12)
  A trapdoor spider (shapeshifter) (D:18)
  A golden eye (shapeshifter) (D:18)
  Edmund (D:6)
  22 deep elf fighters
  2 deep troll zombies
  18 manticores
  2 soldier ants
  4 mottled dragons
  13 porcupines
  5 sky beasts
  A deep troll skeleton (Vaults:1)
  22 nagas
  A naga (shapeshifter) (D:14)
  2 yellow wasps
  A freezing wraith (Vaults:2)
  A black bear (Vaults:3)
  5 giant goldfish
  42 ice beasts
  2 swamp drakes (D:16)
  4 swamp worms (D:16)
  A blink frog zombie (D:16)
  3 phantoms
  2 dwarves (Orc:4)
  A boring beetle (Lair:8)
  10 wargs
  A boring beetle (shapeshifter) (D:16)
  40 ogres
  2 rotting devils (Lair:8)
  A hill giant simulacrum (D:16)
  53 orc warriors
  Sigmund (D:6)
  Duvessa (D:9)
  20 centaurs
  A spectral elf (Elf:3)
  20 giant frogs
  4 giant slugs
  25 water moccasins
  2 yaktaur zombies
  18 crocodiles
  A brain worm (D:16)
  A crocodile (shapeshifter) (D:16)
  4 big kobolds
  A deep troll simulacrum (Vaults:1)
  11 agate snails
  A komodo dragon skeleton (D:8)
  A yaktaur skeleton (Vaults:1)
  A wyvern skeleton (D:7)
  A cyclops skeleton (D:14)
  2 troll zombies
  39 killer bees
  A rock worm zombie (D:14)
  8 jellyfish
  3 electric eels
  A troll skeleton (D:10)
  A hippogriff skeleton (D:9)
  9 wights
  11 hounds
  Dowan (D:9)
  A centaur zombie (D:6)
  2 giant frog zombies
  6 goliath beetles
  7 jellies
  7 crimson imps
  2 gnoll shamans
  Crazy Yiuf (D:2)
  2 giant frog skeletons
  A yellow wasp zombie (D:9)
  A basilisk skeleton (D:14)
  38 orc priests
  10 big fish
  A centaur skeleton (D:4)
  8 iguanas
  A scorpion (D:6)
  37 orc wizards
  13 worker ants
  A killer bee zombie (D:8)
  29 sheep
  A mottled dragon zombie (D:11)
  A crocodile zombie (D:10)
  Jessica (D:2)
  A boggart (shapeshifter) (Vaults:1)
  3 boggarts
  A mummy (D:13)
  A killer bee simulacrum (D:10)
  A worker ant zombie (D:9)
  7 orange rats
  3 giant centipedes
  12 gnolls
  43 adders
  76 green rats
  A giant mite (Lair:3)
  8 worms
  10 ufetubi
  An iguana zombie (D:10)
  A scorpion zombie (D:11)
  An adder skeleton (D:8)
  3 giant eyeballs
  8 giant geckos
  210 orcs
  4 ball pythons
  32 bats
  8 giant cockroaches
  14 goblins
  18 hobgoblins
  10 jackals
  24 kobolds
  14 oozes
  11 quokkas
  8 giant newts
  A giant spore (D:16)
  An orc skeleton (Orc:4)
  3 orc zombies
  28 rats
  A rat skeleton (D:8)
  A ballistomycete (D:16)
  2 bushes (Lair:8)
  2 fungi (Elf:1)
  2 plants
  4 tentacles (Shoals:5)
  A tentacle segment (Shoals:5)
2044 creatures vanquished.

Vanquished Creatures (collateral kills)
  A hydra (D:13)
  A centaur warrior (Vaults:1)
  A basilisk (D:13)
  An ugly thing (D:13)
  A hippogriff (Shoals:1)
  An orc warrior (Vaults:3)
  A water moccasin (Lair:1)
  A scorpion (D:13)
  An orc wizard (Orc:2)
  A hobgoblin (Orc:4)
10 creatures vanquished.

Vanquished Creatures (others)
  A hill giant (D:13)
  A frost giant zombie (Vaults:2)
  A komodo dragon (shapeshifter) (Vaults:1)
  A troll (D:13)
  A deep elf fighter (Elf:1)
  68 spectral weapons
  A crimson imp (D:9)
  An orange rat (Elf:1)
  A boggart (Vaults:3)
  An orc (Orc:1)
  A kobold (D:13)
  9 fungi
  3 plants
  27 tentacles
  151 tentacle segments
268 creatures vanquished.

Grand Total: 2322 creatures vanquished

Notes
Turn   | Place    | Note
--------------------------------------------------------------
     0 | D:1      | Illaniel, the High Elf Skald, began the quest for the Orb.
     0 | D:1      | Reached XP level 1. HP: 13/13 MP: 4/4
    89 | D:1      | Reached skill level 1 in Armour
   321 | D:1      | Reached XP level 2. HP: 5/18 MP: 1/6
   329 | D:1      | Learned a level 2 spell: Song of Slaying
   332 | D:1      | Learned a level 2 spell: Shroud of Golubria
  1077 | D:2      | Noticed Jessica
  1087 | D:2      | Killed Jessica
  1087 | D:2      | Reached XP level 3. HP: 23/23 MP: 0/9
  1282 | D:2      | Reached skill level 4 in Charms
  1449 | D:2      | Reached XP level 4. HP: 26/29 MP: 5/12
  1454 | D:2      | Learned a level 3 spell: Spectral Weapon
  2412 | D:2      | Noticed Crazy Yiuf
  2425 | D:2      | Killed Crazy Yiuf
  2685 | D:3      | Reached XP level 5. HP: 21/34 MP: 7/13
  3335 | D:4      | Got a warped robe
  3410 | D:4      | Reached skill level 1 in Translocations
  3423 | D:4      | Identified the cursed -5 robe of Claustrophobia {Dex+3 Int-3} (You found it on level 4 of the Dungeon)
  3659 | D:4      | Reached XP level 6. HP: 20/40 MP: 0/17
  4136 | D:5      | Entered Level 5 of the Dungeon
  4760 | D:5      | Found a staircase to the Ecumenical Temple.
  4773 | Temple   | Entered the Ecumenical Temple
  4823 | Temple   | Became a worshipper of Warmaster Okawaru
  5169 | D:5      | Reached XP level 7. HP: 34/45 MP: 11/19
  5841 | D:6      | Reached skill level 1 in Hexes
  5970 | D:6      | Noticed Edmund
  6079 | D:6      | Found a staircase to the Orcish Mines.
  6141 | D:5      | Upgraded the game from 0.13-a0-3110-gf6e36dc to 0.14-a0-102-g2341383
  6289 | D:6      | Paralysed by a giant eyeball for 3 turns
  6300 | D:6      | Paralysed by a giant eyeball for 3 turns
  6312 | D:6      | Paralysed by a giant eyeball for 3 turns
  6349 | D:6      | Learned a level 2 spell: Swiftness
  6352 | D:6      | Learned a level 2 spell: Repel Missiles
  6435 | D:6      | Noticed Eustachio
  6457 | D:6      | Killed Eustachio
  6457 | D:6      | Acquired Okawaru's first power
  6457 | D:6      | Reached skill level 5 in Long Blades
  6458 | D:6      | Noticed Sigmund
  6750 | D:6      | Reached skill level 5 in Charms
  6750 | D:6      | Reached XP level 8. HP: 52/52 MP: 16/21
  6757 | D:6      | Killed Sigmund
  7058 | D:6      | Reached skill level 1 in Stealth
  7058 | D:6      | Reached skill level 1 in Air Magic
  7144 | D:6      | Killed Edmund
  7212 | D:7      | Found a blossoming altar of Fedhas.
  7236 | D:7      | Got a brightly glowing chain mail
  7847 | D:7      | Reached skill level 5 in Spellcasting
  7848 | D:7      | Reached skill level 1 in Invocations
  7984 | D:7      | Reached skill level 6 in Long Blades
  8033 | D:7      | Reached XP level 9. HP: 44/57 MP: 7/24
  8040 | D:7      | Learned a level 3 spell: Flight
  8159 | D:7      | Reached skill level 5 in Dodging
  8844 | D:8      | Noticed Grum
  8850 | D:8      | Reached skill level 5 in Fighting
  8925 | D:8      | Killed Grum
  9142 | D:8      | Reached XP level 10. HP: 61/63 MP: 18/26
  9184 | D:8      | Found a burning altar of Makhleb.
  9282 | D:8      | Found a bloodstained altar of Trog.
  9360 | D:8      | Identified the +5 chain mail of Khuhiaq {Dex+1 Int-4 Curse} (You found it on level 7 of the Dungeon)
  9476 | D:8      | Reached skill level 5 in Armour
  9629 | D:8      | Reached skill level 7 in Long Blades
 10161 | D:9      | Noticed Duvessa
 10161 | D:9      | Noticed Dowan
 10173 | D:9      | Killed Duvessa
 10176 | D:9      | Killed Dowan
 10313 | D:9      | Noticed a griffon
 10401 | D:9      | Killed a griffon
 10861 | D:9      | Noticed an ice statue
 11282 | D:9      | Noticed an ice statue
 11372 | D:10     | Entered Level 10 of the Dungeon
 11450 | D:10     | Found a sparkling altar of Nemelex Xobeh.
 11480 | D:10     | Reached skill level 5 in Air Magic
 11481 | D:10     | Noticed a hill giant
 11944 | D:10     | Noticed Sonja
 11955 | D:10     | Killed Sonja
 12192 | D:10     | Found a staircase to the Lair.
 12197 | D:10     | Acquired Okawaru's second power
 12202 | Lair:1   | Entered Level 1 of the Lair of Beasts
 12575 | Lair:1   | Reached skill level 8 in Charms
 12575 | Lair:1   | Reached XP level 11. HP: 55/70 MP: 18/28
 13847 | Lair:2   | Noticed a four-headed hydra
 14273 | Lair:2   | Found a shattered altar of Ashenzari.
 14721 | Lair:2   | Received a gift from Okawaru
 15360 | Lair:2   | Killed a four-headed hydra
 15436 | Lair:3   | Found an iron altar of Okawaru.
 16428 | Lair:4   | Noticed a death yak
 16428 | Lair:4   | Noticed a death yak
 16430 | Lair:4   | Noticed a death yak
 16430 | Lair:4   | Noticed a death yak
 16570 | D:10     | Killed a hill giant
 16570 | D:10     | Reached skill level 9 in Charms
 16570 | D:10     | Reached XP level 12. HP: 47/77 MP: 23/30
 16740 | D:10     | Noticed Josephine
 16758 | D:10     | Killed Josephine
 16958 | D:10     | Noticed a hill giant
 16969 | D:10     | Killed a hill giant
 17137 | D:10     | Noticed Erolcha
 17153 | D:10     | Killed Erolcha
 17532 | D:11     | Received a gift from Okawaru
 17532 | D:11     | Reached skill level 5 in Translocations
 17536 | D:11     | Got a fabulously ornate robe {god gift}
 17558 | D:10     | Identified the -4 robe of Free Will {Dex+3 Int+2} (Okawaru gifted it to you on level 11 of the Dungeon)
 18606 | D:11     | Reached skill level 5 in Stealth
 19965 | D:12     | Learned a level 6 spell: Haste
 20794 | Lair:4   | Reached skill level 5 in Invocations
 20906 | Lair:4   | Reached XP level 13. HP: 69/83 MP: 20/32
 21271 | Lair:4   | Noticed a six-headed hydra
 21288 | Lair:4   | Killed a six-headed hydra
 21376 | Lair:4   | Reached skill level 10 in Long Blades
 21415 | Lair:4   | Reached skill level 10 in Charms
 21417 | Lair:4   | Received a gift from Okawaru
 21636 | Lair:4   | Noticed a six-headed hydra
 21881 | Lair:4   | Killed a death yak
 22514 | Orc:1    | Entered Level 1 of the Orcish Mines
 22657 | Orc:1    | Found a burning altar of Makhleb.
 22822 | Orc:2    | Found Neheuh's Magic Scroll Boutique.
 22852 | Orc:2    | Bought a scroll of identify for 30 gold pieces
 22852 | Orc:2    | Bought a scroll of identify for 30 gold pieces
 22852 | Orc:2    | Bought a scroll of blinking for 82 gold pieces
 22852 | Orc:2    | Bought a scroll of recharging for 82 gold pieces
 22852 | Orc:2    | Bought a scroll of remove curse for 45 gold pieces
 22852 | Orc:2    | Bought a scroll of identify for 30 gold pieces
 22852 | Orc:2    | Bought a scroll of amnesia for 82 gold pieces
 23066 | Orc:2    | Found a deep blue altar of Sif Muna.
 23132 | Orc:2    | Identified Sif Muna's Disquisition on Beguiling
 23758 | Orc:1    | Noticed Gastronok
 23871 | Orc:1    | Killed Gastronok
 24787 | Orc:3    | Found a staircase to the Elven Halls.
 24954 | Orc:3    | Found a roughly hewn altar of Beogh.
 26405 | D:13     | Received a gift from Okawaru
 26819 | D:13     | Reached skill level 10 in Spellcasting
 27615 | D:14     | Entered Level 14 of the Dungeon
 27615 | D:14     | Found a frozen archway.
 27943 | IceCv    | Entered an ice cave
 27957 | IceCv    | Reached skill level 10 in Air Magic
 27988 | IceCv    | Got a warped sling
 29046 | IceCv    | Reached XP level 14. HP: 8/90 MP: 23/33
 29491 | D:14     | Learned a level 6 spell: Deflect Missiles
 30000 | D:14     | Reached skill level 10 in Dodging
 30368 | D:14     | Reached skill level 11 in Long Blades
 30582 | Lair:2   | Identified the +7,+7 sling "Crafaph" {velocity, Int+3} (You found it in an ice cave)
 30582 | Lair:2   | Identified the +7,+7 sling "Crafaph" {velocity, Int+3} (You found it in an ice cave)
 31009 | D:15     | Entered Level 15 of the Dungeon
 31392 | D:15     | Found a shimmering altar of Xom.
 31867 | D:15     | Noticed Erica
 31896 | D:15     | Killed Erica
 32030 | D:15     | Got a dazzling great sword
 32031 | D:15     | Identified the +1,+3 great sword "Baotedy" {drain, rF- rC++ Str+1} (You found it on level 15 of the Dungeon)
 32031 | D:15     | Identified the +1,+3 great sword "Baotedy" {drain, rF- rC++ Str+1} (You found it on level 15 of the Dungeon)
 32876 | Lair:4   | Killed a two-headed hydra
 32919 | Lair:5   | Found a staircase to the Snake Pit.
 33903 | Lair:6   | Found a staircase to the Shoals.
 34893 | Lair:6   | Upgraded the game from 0.14-a0-102-g2341383 to 0.14-a0-155-gd989017
 35137 | Lair:7   | Found a labyrinth entrance.
 35151 | Lab      | Entered a labyrinth
 35490 | Lab      | Identified the Papyrus of Curses and Boosts
 35499 | Lab      | Identified a -2 rod of frigid destruction (10/10) (You found it in a labyrinth)
 36035 | Lair:7   | Received a gift from Okawaru
 36964 | Lair:8   | Entered Level 8 of the Lair of Beasts
 37538 | Lair:8   | Found a staircase to the Slime Pits.
 37893 | Lair:8   | Found a glowing golden altar of the Shining One.
 38056 | Lair:8   | Reached XP level 15. HP: 97/97 MP: 22/35
 38648 | Lair:8   | Reached skill level 12 in Long Blades
 38691 | Lair:8   | Received a gift from Okawaru
 39165 | Lair:8   | Found a burning altar of Makhleb.
 39768 | Lair:8   | Found a gateway to Hell.
 40325 | D:16     | Found a staircase to the Vaults.
 42022 | Orc:4    | Entered Level 4 of the Orcish Mines
 42133 | Orc:4    | Found a roughly hewn altar of Beogh.
 42256 | Orc:4    | Noticed Donald
 42289 | Orc:4    | Killed Donald
 42351 | Orc:4    | Found a roughly hewn altar of Beogh.
 42365 | Orc:4    | Found Kecwuusi's Gadget Shoppe.
 42525 | Orc:4    | Found an iron altar of Okawaru.
 42640 | Orc:4    | Found a roughly hewn altar of Beogh.
 42865 | Orc:4    | Noticed Saint Roka
 42870 | Orc:4    | Noticed pictorio's ghost (powerful MiBe)
 43628 | Orc:4    | Found a roughly hewn altar of Beogh.
 43628 | Orc:4    | Found Cowywkam's Book Shoppe.
 43683 | Orc:4    | Found Daalipe's Magical Wand Boutique.
 44016 | Orc:4    | Found a roughly hewn altar of Beogh.
 44016 | Orc:4    | Found Buzeufo's Antique Weapon Boutique.
 44035 | Orc:4    | Found Motuq's Antique Armour Shop.
 44040 | Orc:4    | Bought a smoking great sword for 363 gold pieces
 44046 | Orc:4    | Bought a pair of runed orcish gauntlets for 29 gold pieces
 44046 | Orc:4    | Bought a runed helmet for 82 gold pieces
 44062 | Orc:4    | Identified the +10,+2 great sword "Seonaorph" {freeze, +Jump rC- MR++} (You bought it in a shop on level 4 of the Orcish Mines)
 44062 | Orc:4    | Identified the +10,+2 great sword "Seonaorph" {freeze, +Jump rC- MR++} (You bought it in a shop on level 4 of the Orcish Mines)
 44467 | Orc:4    | Killed pictorio's ghost
 44773 | Orc:4    | Killed Saint Roka
 45813 | Shoals:1 | Entered Level 1 of the Shoals
 45813 | Shoals:1 | Noticed a kraken
 45889 | Shoals:1 | Noticed Nergalle
 45921 | Shoals:1 | Killed Nergalle
 46973 | Shoals:1 | Killed a kraken
 47460 | Shoals:2 | Found Oceteuq's General Store.
 47475 | Shoals:2 | Bought a scroll of blinking for 82 gold pieces
 47475 | Shoals:2 | Bought a scroll of remove curse for 45 gold pieces
 47538 | Shoals:2 | Noticed jazmu's ghost (mighty MiFi)
 47568 | Shoals:2 | Killed jazmu's ghost
 47568 | Shoals:2 | Reached XP level 16. HP: 89/104 MP: 20/36
 47948 | Shoals:2 | Found Vasizuv's Book Shoppe.
 48091 | Shoals:3 | Noticed Ilsuiw
 48091 | Shoals:3 | Noticed Wiglaf
 48801 | Shoals:3 | Killed Wiglaf
 49596 | Snake:1  | Entered Level 1 of the Snake Pit
 49654 | Snake:1  | Received a gift from Okawaru
 49654 | Snake:1  | Reached skill level 13 in Charms
 49655 | Snake:1  | Got a crystal long sword {god gift}
 49656 | Snake:1  | Identified the +9,+1 long sword of Dung {slice, +Blink rElec} (Okawaru gifted it to you on level 1 of the Snake Pit)
 49656 | Snake:1  | Identified the +9,+1 long sword of Dung {slice, +Blink rElec} (Okawaru gifted it to you on level 1 of the Snake Pit)
 49786 | Snake:2  | Found a bloodstained altar of Trog.
 50048 | Snake:2  | Got a steaming robe
 50055 | Snake:2  | Identified the cursed -2 robe of Absolutism {Str+2 Int+1} (You found it on level 2 of the Snake Pit)
 50224 | Snake:2  | Noticed Lamia
 50224 | Snake:2  | Got a glittering lead ring
 50246 | Snake:1  | Identified the ring of Qoymow {MR Str+2} (You found it on level 2 of the Snake Pit)
 52179 | Vaults:1 | Entered Level 1 of the Vaults
 52401 | Vaults:1 | Noticed Louise
 52545 | Vaults:1 | Killed Louise
 52590 | Vaults:1 | Received a gift from Okawaru
 53041 | D:17     | Noticed jazmu's ghost (powerful HEFi)
 53054 | D:17     | Killed jazmu's ghost
 53061 | D:17     | Found a portal to a secret trove of treasure.
 53201 | D:17     | Found Feno's Demolitions Depot.
 54767 | Shoals:3 | Noticed Rupert
 55184 | Shoals:3 | Killed Ilsuiw
 55421 | Shoals:3 | Killed Rupert
 56784 | Shoals:5 | Entered Level 5 of the Shoals
 56799 | Shoals:5 | Upgraded the game from 0.14-a0-155-gd989017 to 0.14-a0-181-gf6fe0c6
 57061 | Shoals:5 | Reached XP level 17. HP: 110/110 MP: 24/38
 59550 | Shoals:5 | Got a barnacled rune of Zot
 60099 | Vaults:1 | Found Xeoqiufu's Weapon Shoppe.
 60819 | Vaults:1 | Reached skill level 14 in Long Blades
 61229 | Vaults:1 | Received a gift from Okawaru
 62636 | Vaults:1 | Reached skill level 10 in Fighting
 63532 | Vaults:2 | HP: 2/111 [stone giant (13)]
 63540 | Vaults:2 | HP: 2/111 [hell knight/nerve-wracking pain (10)]
 64468 | Elf:1    | Entered Level 1 of the Elven Halls
 64877 | Elf:1    | Received a gift from Okawaru
 65069 | Elf:1    | Reached XP level 18. HP: 117/117 MP: 34/39
 66543 | Elf:2    | Cast into the Abyss (deep elf sorcerer)
 66656 | Elf:2    | Escaped the Abyss
 66773 | Elf:2    | Reached skill level 10 in Stealth
 67002 | Elf:2    | Reached skill level 10 in Invocations
 67502 | Elf:2    | Noticed Frances
 67673 | Elf:2    | Killed Frances
 67954 | Elf:3    | Entered Level 3 of the Elven Halls
 67961 | Elf:3    | Reached skill level 10 in Armour
 68749 | D:18     | Found Grorpho's Book Shoppe.
 69405 | D:18     | Found a shattered altar of Ashenzari.
 69457 | D:19     | Received a gift from Okawaru
 69492 | D:19     | Got a transparent scale mail {god gift}
 69755 | Lair:2   | Identified the +4 scale mail of Jouwared {Str-2 Dex-3 Acc+6} (Okawaru gifted it to you on level 19 of the Dungeon)
 70638 | D:19     | Found a blossoming altar of Fedhas.
 70934 | D:19     | Reached skill level 15 in Long Blades
 74159 | Vaults:3 | Reached XP level 19. HP: 83/124 MP: 29/40
 74285 | Vaults:3 | Received a gift from Okawaru
 74286 | Vaults:3 | Got a faintly glowing crossbow {god gift}
 74487 | Vaults:3 | Found a staircase to the Hall of Blades.
 74827 | Vaults:3 | Cast into the Abyss (scimitar of distortion)
 75076 | Abyss:1  | Gained mutation: Space occasionally distorts in your vicinity. [mutagenic glow]
 75079 | Abyss:1  | Found a basalt altar of Yredelemnul.
 75095 | Abyss:1  | Found a corrupted altar of Lugonu.
 75111 | Abyss:1  | Found a corrupted altar of Lugonu.
 75154 | Abyss:1  | Found a roughly hewn altar of Beogh.
 75161 | Vaults:3 | Escaped the Abyss
 75488 | Vaults:3 | Found Skofruc's Magical Wand Shop.
 75861 | Vaults:3 | Found a staircase to the Enchanted Forest.
 75990 | Vaults:3 | Reached skill level 10 in Translocations
 76693 | Vaults:3 | Cast into the Abyss (scimitar of distortion)
 76759 | Abyss:1  | Noticed a bone dragon
 76829 | Abyss:1  | HP: 6/125 [smoke demon/divine providence (14)]
 76847 | Abyss:1  | HP: 3/125 [smoke demon/divine providence (10)]
 76847 | Abyss:1  | HP: 1/125 [hell hog/sticky flame (1)]
 76848 | Abyss:1  | Incinerated by a hell hog

Action                   |  1- 3 |  4- 6 |  7- 9 | 10-12 | 13-15 | 16-18 | 19-21 || total
-------------------------+-------+-------+-------+-------+-------+-------+-------++-------
Melee: Falchion          |    83 |   217 |   165 |   872 |  1348 |       |       ||  2685
       Long sword        |       |     2 |    76 |       |       |   138 |       ||   216
       Great sword       |       |       |       |     1 |   531 |  1359 |    17 ||  1908
       Scimitar          |       |       |       |       |    15 |       |       ||    15
       Triple sword      |       |       |       |       |       |   341 |   247 ||   588
       Rod               |       |       |       |       |       |     1 |       ||     1
 Fire: Blowgun           |       |     8 |    45 |    77 |    43 |    27 |       ||   200
       Sling             |       |       |       |     9 |     6 |       |       ||    15
 Cast: Infusion          |    15 |    31 |    36 |   102 |   247 |   190 |    15 ||   636
       Shroud of Golubri |     5 |     9 |    30 |    83 |   173 |   107 |    10 ||   417
       Spectral Weapon   |       |    20 |    40 |   128 |   295 |   301 |    38 ||   822
       Song of Slaying   |       |     1 |     4 |     6 |     8 |     6 |       ||    25
       Swiftness         |       |       |    15 |    21 |    83 |    47 |     2 ||   168
       Repel Missiles    |       |       |    11 |    17 |    90 |    32 |       ||   150
       Flight            |       |       |       |       |    11 |    43 |     2 ||    56
       Haste             |       |       |       |       |     1 |    30 |     7 ||    38
       Deflect Missiles  |       |       |       |       |       |    58 |     2 ||    60
Invok: Heroism           |       |       |     5 |    11 |    31 |    26 |     2 ||    75
       Finesse           |       |       |       |     1 |    12 |     1 |     1 ||    15
 Abil: Evoke Jump Attack |       |       |       |       |     1 |       |       ||     1
Evoke: Wand              |       |     3 |     4 |    19 |    22 |     8 |       ||    56
       Rod               |       |       |       |       |     7 |     6 |       ||    13
       Miscellaneous     |       |       |       |       |     1 |       |       ||     1
  Use: Scroll            |       |     7 |     7 |     8 |    30 |    26 |     3 ||    81
       Potion            |       |     1 |       |     3 |    11 |    12 |     4 ||    31
 Stab: Sleeping          |       |     1 |       |    11 |    19 |    22 |     4 ||    57
       Distracted        |       |     2 |     1 |     9 |    35 |    35 |     5 ||    87
